 Dungeon Sprint DCSS version 0.14-a0-59-gd5eeb80 (console) character file.

396 Dalvant the Arsonist (level 5, -7/28 HPs)
             Began as a Deep Elf Fire Elementalist on Sept 30, 2013.
             Was an Initiate of Vehumet.
             Mangled by an elephant slug (35 damage)
             ... in the Dungeon (Sprint I: "Red Sonja").
             The game lasted 00:01:24 (591 turns).

Dalvant the Arsonist (Deep Elf Fire Elementalist)    Turns: 591, Time: 00:01:24

HP  -7/28        AC  2     Str  5      XL: 5   Next: 49%
MP   4/17        EV 15     Int 21      God: Vehumet [......]
Gold 196         SH  0     Dex 15      Spells:  3 memorised,  2 levels left

Res.Fire  : . . .   See Invis. : .   (no weapon)
Res.Cold  : . . .   Warding    : .   a - +0 elf robe
Life Prot.: . . .   Conserve   : .   (no shield)
Res.Poison: .       Res.Corr.  : .   (no helmet)
Res.Elec. : .       Clarity    : .   (no cloak)
Sust.Abil.: . .     Spirit.Shd : .   (no gloves)
Res.Mut.  : .       Prev.Telep.: +   (no boots)
Res.Rott. : .       Flight     : .   (no amulet)
Saprovore : . . .                    (no ring)
                                     (no ring)

@: slightly resistant to hostile enchantments, quite stealthy
A: no striking features
a: Renounce Religion


You were in the Dungeon.
You worshipped Vehumet.
Vehumet was noncommittal.
You were not hungry.

You visited 1 branch You collected 176 gold pieces.

Inventory:

Armour
 a - a +0 elven robe (worn)
Magical devices
 h - a wand of fire (6) {unknown}
Comestibles
 c - a bread ration
Scrolls
 i - a scroll of blinking
Potions
 d - a potion of curing
 e - a potion of heal wounds
 f - a potion of speed
 g - 2 potions of magic
Books
 b - a book of Flames

   Spells                             Type                      Level
   *Flame Tongue                      Conjuration/Fire             1
   Throw Flame                        Conjuration/Fire             2
   Conjure Flame                      Conjuration/Fire             3
   Inner Flame                        Hexes/Fire                   3
   *Sticky Flame                      Conjuration/Fire             4
   *Fireball                          Conjuration/Fire             5


   Skills:
 * Level 2.5 Fighting
 - Level 5.0 Dodging
 - Level 5.1 Stealth
 + Level 4.2 Spellcasting
 * Level 3.7 Conjurations
 + Level 9.8 Fire Magic


You had 2 spell levels left.
You knew the following spells:

 Your Spells              Type           Power        Failure   Level  Hunger
a - Flame Tongue          Conj/Fire      ####.        1%          1    None
c - Sticky Flame          Conj/Fire      ####....     10%         4    ####...
v - Fireball              Conj/Fire      ####......   24%         5    #####..


Dungeon Overview and Level Annotations

Branches:
Dungeon (1/1)

Altars:
Cheibriados
Elyvilon
Fedhas
Okawaru
Sif Muna
Trog
Vehumet
Zin

Shops:
D [


Message History

The elephant slug is heavily wounded.
Casting: Flame Tongue
Confirm with . or Enter, or press ? or * to list all spells.
Aiming: Sticky Flame
Press: ? - help, Shift-Dir - straight line, f/p - elephant slug
Aim: an elephant slug (heavily wounded)
The sticky flame hits the elephant slug.
The elephant slug is heavily wounded.
The elephant slug is covered in liquid flames!
The elephant slug burns!
Casting: Sticky Flame
Confirm with . or Enter, or press ? or * to list all spells.
Aiming: Flame Tongue
Press: ? - help, Shift-Dir - straight line, f/p - elephant slug
Aim: an elephant slug (heavily wounded, covered in liquid flames)
The flame hits the elephant slug.
The elephant slug is heavily wounded.
The elephant slug burns!
The elephant slug bites you!
Ouch! That really hurt!
You die...

################ ##
#<<#..)..#.)'..#__#
#<.[..#..'..#..+.J+
#..#####'#####'#__#
#..# #..# #.# ##
#..#_.#### ##(#
#..#.....##+#..+
#⌠⌠#_.∩...'..._#
####.....##_.#j#
_._ ##+#@# # ###


You could see an elephant slug (burning).

Vanquished Creatures
  An ogre (D)
  Sigmund (D)
  A jelly (D)
  Ijyb (D)
4 creatures vanquished.

Notes
Turn   | Place    | Note
--------------------------------------------------------------
     0 | D        | Dalvant, the Deep Elf Fire Elementalist, began the quest for the Orb.
     0 | D        | Reached XP level 1. HP: 10/10 MP: 4/4
     1 | D        | Noticed Ijyb
    15 | D        | Killed Ijyb
    15 | D        | Reached skill level 5 in Fire Magic
    15 | D        | Reached XP level 2. HP: 7/15 MP: 0/6
   198 | D        | Noticed an ogre
   204 | D        | Killed an ogre
   204 | D        | Reached skill level 5 in Dodging
   204 | D        | Reached skill level 5 in Stealth
   204 | D        | Reached skill level 8 in Fire Magic
   204 | D        | Reached XP level 3. HP: 19/19 MP: 0/10
   204 | D        | Reached XP level 4. HP: 24/24 MP: 0/13
   405 | D        | Learned a level 4 spell: Sticky Flame
   417 | D        | Noticed Sigmund
   421 | D        | Killed Sigmund
   421 | D        | Reached skill level 9 in Fire Magic
   421 | D        | Reached XP level 5. HP: 18/28 MP: 8/16
   429 | D        | Learned a level 5 spell: Fireball
   541 | D        | Found a blossoming altar of Fedhas.
   541 | D        | Found an iron altar of Okawaru.
   541 | D        | Found a glowing silver altar of Zin.
   541 | D        | Found a deep blue altar of Sif Muna.
   541 | D        | Noticed a giant amoeba
   543 | D        | Found a snail-covered altar of Cheibriados.
   544 | D        | Noticed a jelly
   545 | D        | Found a radiant altar of Vehumet.
   550 | D        | Killed a jelly
   554 | D        | Became a worshipper of Vehumet
   576 | D        | Found a bloodstained altar of Trog.
   576 | D        | Found a white marble altar of Elyvilon.
   576 | D        | Found Seanalea's Armour Emporium.
   576 | D        | Found a snail-covered altar of Cheibriados.
   576 | D        | Found a glowing silver altar of Zin.
   576 | D        | Noticed an elephant slug
   591 | D        | Mangled by an elephant slug

Action                   |  1- 3 |  4- 6 || total
-------------------------+-------+-------++-------
Melee: Unarmed           |     9 |       ||     9
 Cast: Flame Tongue      |     9 |    13 ||    22
       Sticky Flame      |       |     3 ||     3
  Use: Potion            |     1 |       ||     1
